 Dungeon Crawl Stone Soup version 0.31-a0-408-gb642c7f9a3 (webtiles) character file.

Game seed: 5510675117887163292

10483 HoaS the Brawler (level 11, -5/94 HPs)
             Began as a Ghoul Monk on July 28, 2023.
             Was an Initiate of Gozag.
             Slain by a boulder beetle (9 damage)
             ... on level 12 of the Dungeon on July 29, 2023.
             The game lasted 00:34:12 (10270 turns).

HoaS the Brawler (Ghoul Monk)                      Turns: 10270, Time: 00:34:17

Health: -5/94      AC: 20    Str: 20    XL:     11   Next: 62%
Magic:  10/10      EV:  7    Int:  5    God:    Gozag
Gold:   1972       SH:  5    Dex: 11    Spells: 10/10 levels left

rFire   . .          .
                       - Unarmed
rCold   + . .        (no shield)
rNeg    + + +        y - +0 plate armour
rPois   ∞            k - +2 helmet
rElec   .            (no cloak)
rCorr   .            (no gloves)
SInv    +            o - +2 pair of boots {Stlth+}
Will    .....        a - amulet of reflection
Stlth   x              - ring of see invisible
HPRegen 0.00/turn    c - ring of flight
MPRegen 0.12/turn

%: reflection
@: flying, inhibited regen
A: claws 1, cold resistance 1, negative energy resistance 3, inhibited
regeneration, torment resistance 2, devour on kill
a: Renounce Religion, Potion Petition, Call Merchant, Bribe Branch


You were on level 12 of the Dungeon.
You worshipped Gozag.
Gozag was most pleased with you.
You visited 1 branch of the dungeon, and saw 12 of its levels.
You also visited: Ossuary.

You collected 2197 gold pieces.
You spent 225 gold pieces at shops.

Inventory:

Armour
 k - a +2 helmet (worn)
 o - a +2 pair of boots of stealth (worn)
 y - a +0 plate armour (worn)
Jewellery
 a - an amulet of reflection (around neck)
 c - a ring of flight (right claw)
 x - a ring of see invisible (left claw)
Wands
 s - a wand of polymorph (10)
 t - a wand of iceblast (4)
Scrolls
 d - a scroll of enchant armour
 i - 2 scrolls of blinking
 l - 3 scrolls of fog
 r - 2 scrolls of revelation
 u - a scroll of fear
Potions
 b - 2 potions of ambrosia
 e - 2 potions of attraction
 f - a potion of haste
 g - a potion of enlightenment
 j - 5 potions of curing
 m - a potion of degeneration {unknown}
 n - 2 potions of cancellation
 p - 2 potions of brilliance {unknown}
 w - 2 potions of might {unknown}


   Skills:
 + Level 8.2 Fighting
 + Level 7.9 Armour
 - Level 2.6 Dodging
 * Level 15.6 Unarmed Combat


You had 10 spell levels left.
You didn't know any spells.
Your spell library contained the following spells:

 Spells                   Type           Power      Damage    Failure   Level
 Foxfire                  Conj/Fire      0%         2x1d4     100%        1
 Cigotuvi's Dreadful Rot  Necr/Pois/Air  0%         N/A       100%        2
 Scorch                   Fire           0%         2d5       100%        2
 Ignite Poison            Fire/Tmut/Pois 0%         N/A       100%        3
 Ozocubu's Armour         Ice            0%         N/A       100%        3
 Flame Wave               Conj/Fire      0%         2d4       100%        4
 Freezing Cloud           Conj/Ice/Air   0%         6-21      100%        5
 Metabolic Englaciation   Hex/Ice        0%         N/A       100%        5
 Plasma Beam              Fire/Air       0%         2x1d10    100%        6
 Starburst                Conj/Fire      0%         6d3       100%        6
 Summon Cactus Giant      Summ           0%         N/A       100%        6
 Ozocubu's Refrigeration  Ice            0%         4d7       100%        7
 Simulacrum               Ice/Necr       Unusable   N/A       N/A         6

Dungeon Overview and Level Annotations

Branches:
Dungeon (12/15)            Temple (0/1) D:7             Orc (0/2) D:10
Ossuary (visited)
   Lair: D:8-11

Altars:
Ashenzari
Fedhas
Gozag
Ru
Sif Muna

Shops:
D:4 ?

Annotations:
D:10 1 runed translucent door, floatRand's ghost, journeyman DrSh
D:11 Snorg


Innate Abilities, Weirdness & Mutations

You are immune to poison.
You have sharp fingernails.
Your flesh is cold resistant. (rC+)
You are immune to negative energy. (rN+++)
You do not regenerate when monsters are visible.
You are immune to unholy pain and torment.
You thrive by killing the living.


Message History

You feel strangely unstable.
Your surroundings suddenly seem different.
A manticore comes into view.
Found 24 gold pieces.
Okay, then.
As you read the scroll of teleportation, it crumbles to dust.
You feel strangely unstable.
Found a stone staircase leading up.
The manticore flicks its tail.
The volley of spikes misses you.
You hear a bellow!
A yak comes into view.
The manticore flicks its tail.
The volley of spikes hits you but does no damage.
Your surroundings suddenly seem different.
A troll comes into view.
The troll shouts!
A wraith comes into view.
Found 22 gold pieces.
Found a scroll of vulnerability.
Your extra speed is starting to run out.
You feel yourself slow down.
You reach down and open the door.
There is an open door here.
A vampire mosquito comes into view.
The vampire mosquito buzzes angrily.
You hear an angry buzzing noise.
A vampire mosquito comes into view. x2
Blink to where?
Press: ? - help, Dir - move target
As you read the scroll of blinking, it crumbles to dust.
The vampire mosquito buzzes angrily.
Unknown command.
Blink to where?
Press: ? - help, Dir - move target A boulder beetle comes into view.
As you read the scroll of blinking, it crumbles to dust.
The vampire mosquito enters a dispersal trap!
The vampire mosquito blinks! x3; You blink.
The boulder beetle bites you!
You die...
Your body crumbles into a pile of gold.

#.....$.....#
#........Y..#
#........H..#
####.##....##
####....# #.......#
#.......# $ #....B..#
#.....@.# #.....<.# $
#.......# +..§....#
###..y### ##.....
#...###### .......###
#.y......# ..........
#...y§...+...........
+.......§#...........


You could see a boulder beetle, a manticore (wandering), a yak (wandering) and 2
vampire mosquitoes.

Vanquished Creatures
  Josephine (D:9)
  A boulder beetle (D:11)
  A hornet (D:9)
  A troll (D:9)
  5 wraiths
  21 yaks
  A steam dragon (D:5)
  Grum (D:10)
  4 water moccasins
  2 acid dragons
  2 black bears
  4 orc warriors
  An ice beast (D:7)
  A sky beast (D:7)
  2 ogres
  3 wolves
  3 centaurs
  2 kobold brigands
  A phantom (D:5)
  4 elf zombies (Ossuary)
  3 bullfrogs (D:8)
  3 gnoll sergeants
  12 wights
  A howler monkey (D:5)
  5 human zombies (Ossuary)
  3 centaur zombies (Ossuary)
  6 orc priests
  5 hounds
  A gnoll bouda (D:7)
  3 iguanas
  10 orc wizards
  3 mummies (Ossuary)
  17 gnolls
  7 adders
  A white imp (D:6)
  An ufetubus (D:4)
  A worm (D:2)
  3 dart slugs
  39 orcs
  7 endoplasms
  A giant cockroach (D:1)
  9 goblins
  3 hobgoblins
  13 jackals
  15 kobolds
  4 quokkas
  9 ball pythons
  9 frilled lizards
  7 rats
262 creatures vanquished.

Notes
Turn   | Place    | Note
-------+----------+-------------------------------------------
     0 | D:1      | HoaS the Ghoul Monk began the quest for the Orb.
     0 | D:1      | Reached XP level 1. HP: 19/19 MP: 0/0
    97 | D:1      | Reached XP level 2. HP: 26/26 MP: 1/1
   170 | D:1      | Reached skill level 1 in Armour
   178 | D:1      | Reached skill level 4 in Unarmed Combat
   494 | D:1      | Reached XP level 3. HP: 31/31 MP: 2/2
   677 | D:2      | Found a faded altar of an unknown god.
   990 | D:2      | Reached XP level 4. HP: 38/38 MP: 3/3
  1364 | D:3      | Reached skill level 5 in Unarmed Combat
  1465 | D:2      | Reached XP level 5. HP: 39/45 MP: 4/4
  1869 | D:3      | Found an opulent altar of Gozag.
  1926 | D:3      | Became a worshipper of Gozag Ym Sagoz the Greedy
  2355 | D:3      | Reached skill level 6 in Unarmed Combat
  2386 | D:3      | Reached XP level 6. HP: 34/51 MP: 5/5
  2453 | D:4      | Found a sacrificial altar of Ru.
  2453 | D:4      | Found a blossoming altar of Fedhas.
  2457 | D:4      | Identified the +0 ring mail of the Dozen Wishes {rF+ Int+3}
  2636 | D:4      | Found Cuoko Daddont's Magic Scroll Shoppe.
  2646 | D:4      | Reached skill level 7 in Unarmed Combat
  2690 | D:4      | Bought a scroll of blinking for 75 gold pieces
  2690 | D:4      | Bought a scroll of enchant armour for 75 gold pieces
  2690 | D:4      | Bought a scroll of blinking for 75 gold pieces
  3439 | D:5      | Entered Level 5 of the Dungeon
  3530 | D:5      | Reached XP level 7. HP: 57/57 MP: 6/6
  3532 | D:5      | Found a sand-covered staircase.
  3539 | Ossuary  | Entered an ossuary
  3606 | Ossuary  | Reached skill level 8 in Unarmed Combat
  3741 | Ossuary  | Reached skill level 9 in Unarmed Combat
  3767 | Ossuary  | Reached XP level 8. HP: 50/63 MP: 7/7
  3855 | Ossuary  | Reached skill level 10 in Unarmed Combat
  4071 | D:5      | Reached skill level 11 in Unarmed Combat
  4405 | D:5      | Reached skill level 12 in Unarmed Combat
  4405 | D:5      | Reached XP level 9. HP: 60/70 MP: 8/8
  4807 | D:6      | Identified the +0 pair of boots of Grand Salvation
                  | {*Corrode Str+3 Int+2 SInv}
  5397 | D:7      | Found a staircase to the Ecumenical Temple.
  5966 | D:7      | Reached skill level 5 in Armour
  5990 | D:7      | Reached skill level 13 in Unarmed Combat
  5996 | D:7      | Reached skill level 5 in Fighting
  6279 | D:8      | Found a broken altar of Ashenzari.
  6449 | D:8      | Reached XP level 10. HP: 76/81 MP: 9/9
  7512 | D:9      | Upgraded the game from 0.31-a0-369-g8eba5f6939 to
                  | 0.31-a0-408-gb642c7f9a3
  7565 | D:8      | Reached skill level 14 in Unarmed Combat
  8449 | D:10     | Entered Level 10 of the Dungeon
  8450 | D:10     | Noticed Josephine
  8569 | D:10     | Reached XP level 11. HP: 92/92 MP: 10/10
  8855 | D:10     | Noticed Grum
  8865 | D:10     | Killed Grum
  8881 | D:9      | Killed Josephine
  8882 | D:9      | Reached skill level 15 in Unarmed Combat
  9318 | D:10     | Found a staircase to the Orcish Mines.
  9343 | D:10     | Found a runed translucent door.
  9343 | D:10     | Noticed floatRand's ghost (journeyman DrSh)
  9585 | D:10     | Found a shimmering blue altar of Sif Muna.
  9865 | D:11     | Noticed a boulder beetle
  9899 | D:11     | Killed a boulder beetle
 10203 | D:11     | Noticed Snorg
 10217 | D:11     | HP: 3/94 [Snorg (10)]
 10217 | D:11     | HP: 1/94 [Snorg (2)]
 10226 | D:11     | Noticed a two-headed ogre
 10229 | D:12     | Noticed a red ugly thing
 10236 | D:12     | Noticed a manticore
 10270 | D:12     | Noticed a boulder beetle
 10270 | D:12     | Slain by a boulder beetle

Illustrated notes

Levels and vault maps discovered:
D:1:      psy_arrival_dodecagon, layout_loops_ring, minmay_nonomino_d4
D:2:      layout_rooms, nicolae_ecumenical_oubliette
D:3:      layout_basic, mainiacjoe_overflow_alcove_2, minmay_crystal_room,
          minmay_cupped
D:4:      layout_basic, chequers_temple_overflow_statue_of_worship,
          serial_shops, nicolae_shop_tiny_real_fake_doors,
          kennysheep_small_square
D:5:      layout_rooms, nicolae_ossuary_entry_plus
D:6:      layout_loops_ring, nicolae_figureground_sparkle
D:7:      layout_gridville, jmf_multi_god_temple, minmay_temple_entry_waves
D:8:      layout_loops_ring, mainiacjoe_overflow_alcove_1
D:9:      layout_cave_pools
D:10:     layout_small_grid, tgw_sif, orc_0_dummy, gammafunk_ghost_grave,
          uniq_grum, uniq_josephine
D:11:     layout_gridville, dpeg_oklobed_lair, uniq_snorg
D:12:     layout_gridville, serial_shops, shop, ebering_ghost_funeral_grove,
          nrook_loot_triangle, chequers_jeans, minmay_bent, uniq_nergalle

Skill      XL: |  1  2  3  4  5  6  7  8  9 10 11 |
---------------+----------------------------------+-----
Armour         | 1 2 5 7 |  7.9
Unarmed Combat | 4 5 6 7 9 12 13 14 15 | 15.6
Fighting       | 5 7 8 |  8.2
Dodging        | |  2.6

Action                     |  1- 3 |  4- 6 |  7- 9 | 10-12 || total
---------------------------+-------+-------+-------+-------++-------
  Melee: Unarmed           |   113 |   183 |   332 |   320 ||   948
         Punch             |     1 |     7 |    20 |    30 ||    58
  Evoke: Wand              |       |       |       |     2 ||     2
    Use: Scroll            |     5 |    11 |     4 |     8 ||    28
         Potion            |       |       |       |     3 ||     3
   Stab: Sleeping          |       |       |     3 |       ||     3
 Armour: Robe              |     4 |       |       |       ||     4
         Chain mail        |    49 |    80 |       |       ||   129
         Ring mail         |       |     1 |   123 |    41 ||   165
         Plate armour      |       |       |       |   113 ||   113
  Dodge: Dodged            |    61 |    70 |   111 |   110 ||   352
  Block: Other             |       |    27 |    47 |    72 ||   146
         Reflection        |       |       |     2 |       ||     2

Table legend: (Time is in decaauts)
 A = Elapsed time spent in this place.
 B = Non-inter-level travel time spent in this place.
 C = Inter-level travel time spent in this place.
 D = Time resting spent in this place.
 E = Time spent auto-exploring this place.
 F = Levels seen in this place.
 G = Mean time per level.
                   A        B        C        D        E       F      G
               +--------+--------+--------+--------+--------+-----+--------+
         Total |  10105 |   9637 |    468 |   1908 |   5610 |  13 |  777.3 |
       Dungeon |   9782 |   9314 |    468 |   1831 |   5504 |  12 |  815.2 |
       Ossuary |    323 |    323 |      0 |     77 |    106 |   1 |  323.0 |
               +--------+--------+--------+--------+--------+-----+--------+

Top non-repeatable levels by time:
     D:8: 1266 daAuts
     D:9: 1252 daAuts
     D:3: 1176 daAuts
    D:10: 1015 daAuts
     D:7: 909 daAuts
     D:6: 870 daAuts
     D:4: 857 daAuts
     D:1: 780 daAuts
     D:5: 678 daAuts
     D:2: 605 daAuts
    D:11: 342 daAuts
 Ossuary: 323 daAuts
    D:12: 28 daAuts
